 Dungeon Crawl Stone Soup version 0.31-a0-200-gbc41564c69 (webtiles) character file.

Game seed: 17403060258864752217

25 qw the Shooter (level 2, 0/16 HPs)
             Began as a Deep Elf Hunter on June 25, 2023.
             Succumbed to their own poison gas
             ... on level 1 of the Dungeon.
             The game lasted 00:00:15 (476 turns).

qw the Shooter (Deep Elf Hunter)                     Turns: 476, Time: 00:00:16

Health: 0/16       AC:  5    Str:  8    XL:     2   Next: 82%
Magic:  4/4        EV: 10    Int: 13    God:
Gold:   27         SH:  0    Dex: 18    Spells: 1/1 levels left

rFire   . . .        Y - +1 shortbow
rCold   . . .        (shield currently unavailable)
rNeg    . . .        d - +0 ring mail
rPois   .            (no helmet)
rElec   .            (no cloak)
rCorr   .            (no gloves)
SInv    .            (no boots)
Will    .....        g - amulet of regeneration
Stlth   +            (no ring)
HPRegen 1.02/turn    (no ring)
MPRegen 0.09/turn

%: no passive effects
@: lethally poisoned (0 -> -4)
A: no striking features
a: no special abilities


You were on level 1 of the Dungeon.
You visited 1 branch of the dungeon, and saw 1 of its levels.

You collected 27 gold pieces.


   Skills:
 - Level 1.5 Fighting
 + Level 6.5 Ranged Weapons
 - Level 2.4 Dodging
 - Level 1.2 Stealth


You had one spell level left.
You didn't know any spells.
Your spell library was empty.

Inventory:

Hand Weapons
 Y - a +1 shortbow (weapon)
Armour
 d - a +0 ring mail (worn)
Jewellery
 g - an amulet of regeneration (around neck)

Dungeon Overview and Level Annotations

Branches:
Dungeon (1/15)

Altars:


Message History

It is a scroll of enchant weapon.
Your +0 shortbow glows red for a moment.
Done exploring.
471 ||| READING scroll labelled EDDATI PITELU.
The air fills with toxic fumes!
As you read the scroll labelled EDDATI PITELU, it crumbles to dust.
It was a scroll of poison.
Done exploring.
472 ||| DROPPING scroll of butterflies.
You drop a scroll of butterflies.
Done exploring.
(D) Dungeon
Where to? (* - list waypoints, ? - help)
What level of the Dungeon? (default 1, ? - help) Sorry, I don't know how to get there.
Enter note:
Enter note:
Enter note:
Enter note:
Enter note:
Enter note:
Enter note:
Enter note:
Enter note:
Enter note:
Enter note:
Enter note:
Enter note:
Enter note:
Enter note: Really walk into that cloud of poison gas?
You are engulfed in poison gas.
You are poisoned.
You feel very sick.
474 ||| Stepping ~*~*~tactically~*~*~ (cloud).
You feel very sick.
Things that are here:
a scroll of butterflies; a +0 leather armour
There is a lethal amount of poison in your body!
You feel very sick.
There is a lethal amount of poison in your body!
You die...

#.....###....#......##.#....#....
#......................###.....#(
............#....................
..###.......##........###........
..##........###...#.....#........
..##...############.##..#...##...
).##...#####¤¤¤¤0##.##.>.........
..#.......##¤8¤8¤##.........##...
..#.......##¤¤8¤@¤###.......##...
..#.......##¤8¤8¤¤0##.......##..(
###.......##¤¤0¤¤¤¤¤##......##...
#.......##¤###¤¤¤¤¤#........%.#
####...#####.+.#¤¤0¤0#....#.....#
...#.....# #.#<#¤080¤¤¤...#.....#
...#.....# #.'.#¤¤¤0¤######.....#
...#.....# #.###¤¤¤¤¤# #.....#
...#...### #........## #%....#


There were no monsters in sight!

Vanquished Creatures
  An endoplasm (D:1)
  A giant cockroach (D:1)
  2 goblins (D:1)
  3 hobgoblins (D:1)
  4 jackals (D:1)
  A kobold (D:1)
  3 bats (D:1)
  2 frilled lizards (D:1)
  6 rats (D:1)
23 creatures vanquished.

Notes
Turn   | Place    | Note
-------+----------+-------------------------------------------
     0 | D:1      | qw the Deep Elf Hunter began the quest for the Orb.
     0 | D:1      | Reached XP level 1. HP: 12/12 MP: 3/3
     0 | D:1      | 0 ||| qw: Version: 0.3-a-22-g0ed2b0b
     0 | D:1      | 0 ||| qw: Game counter: 5576
     0 | D:1      | 0 ||| qw: Melee chars always use a shield: true
     0 | D:1      | 0 ||| qw: God list: Okawaru
     0 | D:1      | 0 ||| qw: Allow faded altars: false
     0 | D:1      | 0 ||| qw: Do Orc after clearing Dungeon:15 true
     0 | D:1      | 0 ||| qw: Do second Lair branch before Depths: true
     0 | D:1      | 0 ||| qw: Lair rune preference: random
     0 | D:1      | 0 ||| qw: Goals: Normal
     0 | D:1      | 0 ||| PLANNING D:1-11
   102 | D:1      | Reached skill level 6 in Ranged Weapons
   102 | D:1      | Reached XP level 2. HP: 13/16 MP: 4/4
   453 | D:1      | 453 ||| UPGRADING to +0 ring mail.
   463 | D:1      | 463 ||| DROPPING +0 leather armour.
   464 | D:1      | 464 ||| UPGRADING to amulet of regeneration.
   469 | D:1      | 469 ||| READING scroll labelled HYNWI HOONIF.
   470 | D:1      | 470 ||| READING scroll labelled ADGHATI HUMAN.
   471 | D:1      | 471 ||| READING scroll labelled EDDATI PITELU.
   472 | D:1      | 472 ||| DROPPING scroll of butterflies.
   474 | D:1      | 474 ||| Stepping ~*~*~tactically~*~*~ (cloud).
   474 | D:1      | HP: 4/16 [poisoned by you (poison gas)]
   475 | D:1      | HP: 1/16 [poisoned by you (poison gas)]
   476 | D:1      | Succumbed to their own poison gas

Levels and vault maps discovered:
D:1:      ncdulo_halloftheorcs, layout_basic

Skill      XL: |  1 |
---------------+----+-----
Ranged Weapons | 6 |  6.5
Fighting       | |  1.5
Dodging        | |  2.4
Stealth        | |  1.2

Action                     || total
---------------------------++-------
   Fire: Shortbow          ||    49
    Use: Scroll            ||     3
 Armour: Leather armour    ||     5
  Dodge: Dodged            ||     8

Table legend:
 A = Non-vault XP
 B = Vault XP
 C = Vault XP percentage of total XP
 D = Non-vault monster count
 E = Vault monster count
 F = Vault count percentage of total count
                 A         B        C        D         E       F
            +---------+---------+-------+---------+---------+-------
      Total |      36 |       0 |   0.0 |      23 |       0 |   0.0
            +---------+---------+-------+---------+---------+-------
        D:1 |      36 |       0 |   0.0 |      23 |       0 |   0.0
            +---------+---------+-------+---------+---------+-------
